 Dungeon Crawl Stone Soup version 0.27-a0-797-g27d10ad80f (webtiles) character file.

Game seed: 15314147701264936072

185 benadryl the Magician (level 5, -4/39 HPs)
             Began as a Djinni Air Elementalist on Mar 23, 2021.
             Slain by a necrophage (6 damage)
             ... on level 3 of the Dungeon on Mar 27, 2021.
             The game lasted 00:08:29 (5977 turns).

benadryl the Magician (Djinni Air Elementalist)     Turns: 5977, Time: 00:08:30

Health: -4/39      AC:  3    Str:  7    XL:     5   Next: 64%
Gold:   91         EV: 12    Int: 18    God:
                   SH:  0    Dex: 13

rFire    + + .     SeeInvis .   m - +2 demon blade (vamp)
rCold    x . .     Faith    .   (no shield)
rNeg     . . .     Spirit   .   a - +1 robe
rPois    ∞         Reflect  .   (no helmet)
rElec    .         Harm     .   (no cloak)
rCorr    .         Rampage  .   (no gloves)
Will     .....                  (boots unavailable)
Stlth    ++........             (no amulet)
HPRegen  0.13/turn              (no ring)
MPRegen  0.00/turn              (no ring)

@: swift, flying, quick
A: fire resistance 2, cold vulnerability 1, float, innate caster, hp casting,
extra vitality 1
a: no special abilities


You were on level 3 of the Dungeon.
You visited 1 branch of the dungeon, and saw 4 of its levels.

You collected 91 gold pieces.

Inventory:

Hand Weapons
 m - a +2 vampiric demon blade (weapon)
Armour
 a - a +1 robe (worn)
 d - a +0 leather armour
Wands
 f - a wand of random effects (33)
Scrolls
 c - a scroll of removedness
 e - a scroll of identify {@r1}
 h - a scroll of blinking {unknown}
Potions
 b - a potion of invisibility
 i - a potion of attraction {unknown}
 j - a potion of flight {unknown}
 k - a potion of might {unknown}


   Skills:
 + Level 2.5 Fighting
 + Level 1.4 Long Blades
 - Level 2.2 Dodging
 - Level 1.5 Stealth
 * Level 4.3 Spellcasting


You couldn't memorise any spells.
You knew the following spells:

 Your Spells              Type           Power      Damage    Failure   Level
a - Shock                 Conj/Air       76%        1d7       2%          1
b - Swiftness             Air            19%        N/A       3%          2
c - Static Discharge      Conj/Air       19%        N/A       7%          3
d - Airstrike             Air            9%         N/A       24%         4
e - Lightning Bolt        Conj/Air       9%         1d22      54%         5
f - Foxfire               Conj/Fire      76%        2x1d7     2%          1
g - Slow                  Hex            19%        N/A       3%          2
Your spell library was empty.

Dungeon Overview and Level Annotations

Branches:
Dungeon (4/15)
 Temple: D:4-7

Altars:

Annotations:
D:4 Edmund


Innate Abilities, Weirdness & Mutations

You are immune to poison.
Your flesh is very heat resistant. (rF++)
You are vulnerable to cold. (rC-)
You float through the air rather than walking.
You learn spells naturally, not from books.
Your magical power is your life essence.
You have superior vitality. (+4 HP)


Message History

Nothing appears to happen.
Edmund barely misses you.
Edmund says, "Everyone always remembers my brother. 'Who's Edmund?' they ask!"
Your magical contamination has completely faded away.
You hear the slow hiss of a distant avalanche of sand.
The necrophage barely misses you.
You riposte.
You barely miss the necrophage.
The necrophage is lightly damaged.
You see here 10 stones.
The necrophage closely misses you.
There is a stone staircase leading up here.
The necrophage closely misses you.
You fly upwards.
There is a stone staircase leading down here.
Casting: Static Discharge (dangerous; 7% risk of failure)
Confirm with . or Enter, or press ? or * to list all spells.
The necrophage is struck by an arc of lightning.
The necrophage is moderately damaged.
You are struck by an arc of lightning.
The lightning grounds out.
The necrophage misses you.
Casting: Static Discharge (dangerous; 7% risk of failure)
Confirm with . or Enter, or press ? or * to list all spells.
The necrophage is struck by an arc of lightning.
The necrophage is moderately damaged.
You are struck by an arc of lightning.
The lightning grounds out.
The necrophage barely misses you.
Casting: Static Discharge (dangerous; 7% risk of failure)
Confirm with . or Enter, or press ? or * to list all spells.
The necrophage is struck by an arc of lightning.
The necrophage is severely damaged.
You are struck by an arc of lightning.
* * * LOW HITPOINT WARNING * * *
The lightning grounds out.
* * * LOW HITPOINT WARNING * * *
The necrophage hits you.
* * * LOW HITPOINT WARNING * * *
Casting: Static Discharge (dangerous; 7% risk of failure)
Confirm with . or Enter, or press ? or * to list all spells.
You feel quick.
* * * LOW HITPOINT WARNING * * *
The necrophage hits you.
You die...

#.#.# #.......... #.#.#######
#.......... #.#.......#
#.......... #.#######.#
#..........
#.#.....#'#######..........
#.#..#.#...................
####'#....+.........######.#+#
#.........#.n.....÷.# ####....
#.........#..@.[....# #.......
#...................# #.......
#........<###.####### #.......
#.........# #.......###.......
#.........# #.......'.#.......
#.....)...# #.......#.#...[...
#.........###.......#.'.......
#######.....#.###'#####.......
#.#####.# #.#...'.......


You could see a necrophage.

Vanquished Creatures
  An ogre (D:4)
  Ijyb (D:3)
  2 adders (D:2)
  2 worms
  A dart slug (D:1)
  An orc (D:4)
  7 bats
  4 endoplasms
  2 giant cockroaches
  6 goblins
  5 hobgoblins
  2 jackals (D:1)
  2 quokkas (D:2)
  4 ball pythons
  3 frilled lizards
  4 kobolds
  3 rats
50 creatures vanquished.

Notes
Turn   | Place    | Note
-------+----------+-------------------------------------------
     0 | D:1      | benadryl the Djinni Air Elementalist began the quest for
                  | the Orb.
     0 | D:1      | Reached XP level 1. HP: 15/15 MP: 0/0
   486 | D:1      | Reached skill level 3 in Spellcasting
   486 | D:1      | Reached XP level 2. HP: 20/22 MP: 0/0
  1808 | D:1      | Reached skill level 1 in Fighting
  2175 | D:2      | Reached XP level 3. HP: 17/27 MP: 0/0
  2175 | D:2      | Learned a level 1 spell: Foxfire
  3579 | D:2      | Upgraded the game from 0.27-a0-732-ga892ba84f6 to
                  | 0.27-a0-797-g27d10ad80f
  4278 | D:2      | Reached XP level 4. HP: 30/33 MP: 0/0
  5408 | D:3      | Noticed Ijyb
  5423 | D:3      | Killed Ijyb
  5832 | D:4      | Noticed an ogre
  5844 | D:4      | Killed an ogre
  5845 | D:4      | Reached skill level 1 in Long Blades
  5845 | D:4      | Reached skill level 4 in Spellcasting
  5845 | D:4      | Reached XP level 5. HP: 20/39 MP: 0/0
  5845 | D:4      | Learned a level 2 spell: Slow
  5935 | D:4      | Noticed Edmund
  5935 | D:4      | Noticed a necrophage
  5977 | D:3      | Slain by a necrophage

Illustrated notes

Levels and vault maps discovered:
D:1:      sevenhm_arrival_forest_fort_large_2, layout_basic
D:2:      layout_basic
D:3:      layout_basic, uniq_ijyb
D:4:      layout_loops_ring, lightli_ossuary_entry_decrepit_ruins, uniq_edmund

Skill      XL: |  1  2  3  4 |
---------------+-------------+-----
Spellcasting   | 3 4 |  4.3
Fighting       | 1 2 |  2.5
Long Blades    | 1 |  1.4
Dodging        | |  2.2
Stealth        | |  1.5

Action                   |  1- 3 |  4- 6 || total
-------------------------+-------+-------++-------
Melee: Club              |    21 |       ||    21
       Demon blade       |       |    17 ||    17
 Cast: Shock             |    90 |    25 ||   115
       Swiftness         |     4 |     2 ||     6
       Static Discharge  |     2 |     4 ||     6
       Slow              |       |     1 ||     1
  Use: Scroll            |     2 |     5 ||     7
 Stab: Sleeping          |     1 |     1 ||     2
Armor: Robe              |    14 |     4 ||    18
Dodge: Dodged            |    39 |    13 ||    52
       Rpst.: Demon blade |       |     3 ||     3

Table legend: (Time is in decaauts)
 A = Elapsed time spent in this place.
 B = Non-inter-level travel time spent in this place.
 C = Inter-level travel time spent in this place.
 D = Time resting spent in this place.
 E = Time spent auto-exploring this place.
 F = Levels seen in this place.
 G = Mean time per level.
                   A        B        C        D        E       F      G
               +--------+--------+--------+--------+--------+-----+--------+
         Total |   5991 |   5677 |    314 |   2917 |   2336 |   4 | 1497.8 |
       Dungeon |   5991 |   5677 |    314 |   2917 |   2336 |   4 | 1497.8 |
               +--------+--------+--------+--------+--------+-----+--------+

Top non-repeatable levels by time:
     D:2: 2525 daAuts
     D:1: 2133 daAuts
     D:3: 1161 daAuts
     D:4: 170 daAuts
